 Dungeon Crawl Stone Soup version 0.22.1-1-ga44c0e5 (webtiles) character file.

58928 aMcNicky the Brawler (level 14, -2/150 HPs)
             Began as a Troll Monk on Oct 1, 2018.
             Was the Champion of Ru.
             Slain by a spiny frog (15 damage)
             ... on level 6 of the Lair of Beasts.
             The game lasted 01:21:54 (20847 turns).

aMcNicky the Brawler (Troll Monk)                  Turns: 20847, Time: 01:21:55

Health: -2/150     AC: 21    Str: 31    XL:     14   Next: 51%
Magic:  13/13      EV: 11    Int:  6    God:    Ru [******]
Gold:   1241       SH:  0    Dex: 12    Spells: 13/13 levels left

rFire    . . .     SeeInvis .     - Unarmed
rCold    . . .     Gourm    +   (shield unavailable)
rNeg     . . .     Faith    .   C - +0 shadow dragon scales
rPois    .         Spirit   .   (helmet restricted)
rElec    .         Reflect  .   b - +0 cloak
rCorr    .         Harm     .   (gloves unavailable)
MR       +....                  (boots unavailable)
Stlth    +++.......             r - amulet of magic regeneration
HPRegen  0.75/turn              (ring unavailable)
MPRegen  0.38/turn              j - +3 ring of protection

@: mighty, lethally poisoned (-2 -> -6)
A: large, unfitting armour, claws 3, fast metabolism 3, gourmand, regeneration
1, shaggy fur 1, tough skin 2, missing a hand, inability to use devices, hated
by all, no earth magic, no hexes magic, no translocations magic
a: Draw Out Power, Power Leap, Apocalypse, Renounce Religion


You were on level 6 of the Lair of Beasts.
You worshipped Ru.
Ru was exalted by your worship.
You were completely stuffed.

You visited 4 branches of the dungeon, and saw 23 of its levels.
You also visited: Ice Cave.

You collected 1341 gold pieces.
You spent 100 gold pieces at shops.

Inventory:

Missiles
 a - 5 large rocks (quivered)
Armour
 b - a +0 cloak (worn)
 g - a +2 robe of magic resistance
 C - +0 shadow dragon scales (worn)
Jewellery
 j - a +3 ring of protection (right claw)
 n - a +3 ring of dexterity
 r - an amulet of magic regeneration (around neck)
 y - an uncursed ring of ice
 F - an uncursed ring of see invisible
 I - an uncursed ring of fire
 K - an uncursed ring of ice
 M - an uncursed ring of protection from magic
Scrolls
 c - 10 scrolls of teleportation
 e - 10 scrolls of remove curse {@r2}
 h - 3 scrolls of enchant weapon
 i - 2 scrolls of blinking
 k - 9 scrolls of identify {@r1}
 l - 6 scrolls of immolation
 t - 5 scrolls of fog
 u - a scroll of torment
 v - 4 scrolls of magic mapping
 w - 3 scrolls of enchant armour
 G - a scroll of holy word
 H - 2 scrolls of amnesia
Potions
 d - 6 potions of magic
 m - 2 potions of agility
 o - a potion of resistance
 q - a potion of flight
 s - a potion of berserk rage
 x - 3 potions of ambrosia
 z - a potion of haste
 A - 2 potions of cancellation
 B - 3 potions of might
 E - 7 potions of curing {@q1}
 J - a potion of invisibility
 L - 2 potions of lignification
 N - a potion of degeneration {unknown}
Comestibles
 f - 29 rations
 p - 17 chunks of flesh


   Skills:
 * Level 12.3 Fighting
 + Level 4.0 Throwing
 + Level 8.7 Armour
 + Level 9.0 Dodging
 - Level 1.0 Stealth
 * Level 15.0 Unarmed Combat


You had 13 spell levels left.
You didn't know any spells.
Your spell library contained the following spells:

 Spells                   Type           Power        Failure   Level  Hunger
 Magic Dart               Conj           #...         89%         1    ##.....
 Pain                     Necr           #...         89%         1    ##.....
 Conjure Flame            Conj/Fire      #.......     99%         3    ####...
 Mephitic Cloud           Conj/Pois/Air  #.......     99%         3    ####...
 Regeneration             Chrm/Necr      #.........   99%         3    ####...
 Vampiric Draining        Necr           #.........   99%         3    ####...
 Alistair's Intoxication  Tmut/Pois      #.......     100%        5    ######.
 Iskenderun's Battlesphe  Conj/Chrm      #.......     100%        5    ######.
 Venom Bolt               Conj/Pois      #.........   100%        5    ######.
 Orb of Destruction       Conj           #.........   100%        7    #######
 Animate Skeleton         Necr           Unusable     N/A         1    N/A
 Apportation              Tloc           Unusable     N/A         1    N/A
 Summon Butterflies       Summ           Unusable     N/A         1    N/A
 Blink                    Tloc           Unusable     N/A         2    N/A
 Call Imp                 Summ           Unusable     N/A         2    N/A
 Slow                     Hex            Unusable     N/A         2    N/A
 Lesser Beckoning         Tloc           Unusable     N/A         3    N/A
 Tukima's Dance           Hex            Unusable     N/A         3    N/A
 Animate Dead             Necr           Unusable     N/A         4    N/A
 Bolt of Magma            Conj/Fire/Erth Unusable     N/A         5    N/A
 Invisibility             Hex            Unusable     N/A         6    N/A
 Iron Shot                Conj/Erth      Unusable     N/A         6    N/A
 Spellforged Servitor     Conj/Summ      Unusable     N/A         7    N/A

Dungeon Overview and Level Annotations

Branches:
Dungeon (14/15)            Temple (1/1) D:4            Lair (6/6) D:11
  Swamp (0/4) Lair:2        Snake (0/4) Lair:4          Orc (2/2) D:11
 Vaults (0/5) D:13
  Slime: Lair:5-6       Elf: Orc:2

Altars:
Ashenzari
Cheibriados
Dithmenos
Elyvilon
Fedhas
Gozag
Hepliaklqana
Kikubaaqudgha
Makhleb
Nemelex Xobeh
Okawaru
Qazlal
Ru
Sif Muna
Trog
Uskayaw
Vehumet
Wu Jian
Xom
Yredelemnul
Zin
The Shining One

Shops:
D:10 *   D:11 *   D:13 *

Annotations:
D:5 exclusion: oklob plant
D:12 exclusion: orange crystal statue
D:14 Azrael


Innate Abilities, Weirdness & Mutations

You are too large for most types of armour.
You have claws for hands.
Your metabolism is lightning-fast.
You like to eat raw meat.
Your natural rate of healing is unusually fast.
You are covered in fur. (AC +1)
You have very tough skin. (AC +2)
You are missing a hand.
You cannot study or use magical devices.
You are hated by all.
You cannot study or cast Earth magic.
You cannot study or cast Hexes magic.
You cannot study or cast Translocations magic.


Message History

You claw the spiny frog!
The spiny frog is moderately wounded.
The spiny frog stings you but does no damage. x2
The spiny frog barely misses you.
You barely miss the spiny frog.
The spiny frog is moderately wounded.
The spiny frog stings you!
* * * LOW HITPOINT WARNING * * *
You are poisoned.
The spiny frog poisons you! The spiny frog stings you.
* * * LOW HITPOINT WARNING * * *
You focus your will and blind the spiny frog in retribution!
You feel sick.
You redirect the spiny frog's attack!
The spiny frog misses the spiny frog.
You feel less exhausted.
You feel sick.
The spiny frog is no longer blind.
You feel sick.
You feel sick. The spiny frog stings you!
You die...

...P.###..)##÷.##.[.....###.P..#.
....P..###....######..###.....#.#
.........###......#####....P.....
.......... ##..PP..# ...........
.......... #..P...# ...[.......
....P....# ##....## #..........
....P..#P# ##..## #.#..P.....
...P.### #..# ..###.....† ...###.
#.@# ###.... ...#... ##.F##
..#.... ...P... #....# ..P..#.
...P... ##..F.## .....P. ...P..#
#....†.# ..##....... ....P# ..
#.$?!$.# ....##...... .....#
....#.$([|.$F ....##....P.
...##.P..P.##.####$##.P.P........
....# ...P########PP...........


You could see 3 spiny frogs.

Vanquished Creatures
  Josephine (D:10)
  6 hydras
  3 vault guards
  A catoblepas (Lair:4)
  A centaur warrior (D:14)
  3 two-headed ogres
  A tengu warrior (D:10)
  3 death yaks (D:11)
  Sonja (D:13)
  3 unseen horrors
  A lindwurm (Lair:6)
  A wizard (D:13)
  A necromancer (D:13)
  Pikel (D:7)
  4 ugly things
  A cyclops (D:13)
  A wolf spider (Lair:6)
  Maurice (D:12)
  9 elephants
  2 centaur zombies
  4 black mambas
  A guardian serpent (Lair:6)
  2 ice statues (IceCv)
  8 spiny frogs
  A kobold demonologist (D:12)
  6 komodo dragons
  A yaktaur (D:13)
  5 rime drakes
  A polar bear (Lair:2)
  2 tyrant leeches
  Grinder (D:6)
  6 trolls
  2 hornets
  4 blink frogs (Lair:5)
  7 dream sheep (Lair:6)
  A meliai zombie (D:14)
  3 slime creatures (D:12)
  A centaur simulacrum (D:11)
  6 hippogriffs
  Sigmund (D:5)
  32 yaks
  2 redbacks (Lair:6)
  8 wyverns
  6 basilisks
  2 water elementals (D:14)
  3 wraiths (D:10)
  16 humans (D:13)
  3 vampire mosquitoes (Lair:1)
  3 nagas (Lair:4)
  3 insubstantial wisps (Lair:1)
  Menkaure (D:7)
  3 swamp worms (Lair:2)
  3 porcupines
  Duvessa (D:7)
  A hell hound (D:13)
  22 water moccasins
  A sky beast (D:6)
  3 phantoms
  A slave (D:7)
  4 orc warriors
  9 ice beasts
  5 ogres
  9 wolves
  3 centaurs
  5 crocodiles
  3 big kobolds
  Blork the orc (D:6)
  A gnoll sergeant (D:9)
  17 bullfrogs
  Dowan (D:7)
  A wyvern zombie (D:13)
  2 wyvern skeletons (D:13)
  3 scorpions
  10 killer bees
  3 wights (D:13)
  6 electric eels
  A howler monkey (D:10)
  3 crimson imps
  2 lava snakes (Lair:6)
  5 hounds
  2 jellies
  20 orc wizards
  8 orc priests
  2 bullfrog skeletons
  Jessica (D:2)
  5 centaur skeletons
  A hell rat (D:11)
  3 iguanas
  14 worker ants
  A killer bee zombie (D:10)
  A hound zombie (D:7)
  2 worker ant zombies
  A howler monkey zombie (D:6)
  14 gnolls
  14 adders
  A river rat (D:11)
  2 shadow imps (D:7)
  An ooze (D:2)
  An adder zombie (D:6)
  3 dart slugs
  6 leopard geckos
  32 orcs
  7 bats
  4 giant cockroaches
  7 goblins
  9 hobgoblins
  17 jackals
  23 kobolds
  7 quokkas
  9 frilled lizards
  2 leopard gecko skeletons (D:5)
  14 rats
  A fungus (Lair:6)
551 creatures vanquished.

Vanquished Creatures (others)
  A hydra (Lair:4)
  A wizard (D:13)
  A centaur skeleton (D:14)
  A hornet (Lair:6)
  A slave (D:7)
  A wight (D:14)
  An electric eel (D:14)
  6 fungi
  4 plants
17 creatures vanquished.

Grand Total: 568 creatures vanquished

Notes
Turn   | Place    | Note
-------+----------+-------------------------------------------
     0 | D:1      | aMcNicky the Troll Monk began the quest for the Orb.
     0 | D:1      | Reached XP level 1. HP: 22/22 MP: 0/0
   205 | D:1      | Reached XP level 2. HP: 29/29 MP: 1/1
   482 | D:1      | Reached skill level 4 in Unarmed Combat
   879 | D:2      | Noticed Jessica
   900 | D:2      | Killed Jessica
   900 | D:2      | Reached XP level 3. HP: 2/36 MP: 2/2
  1271 | D:2      | Reached XP level 4. HP: 44/44 MP: 3/3
  1276 | D:2      | Reached skill level 5 in Unarmed Combat
  1827 | D:3      | Found a basalt altar of Yredelemnul.
  2298 | D:3      | Reached XP level 5. HP: 49/50 MP: 4/4
  2309 | D:3      | Reached skill level 6 in Unarmed Combat
  3037 | D:4      | Reached XP level 6. HP: 53/59 MP: 5/5
  3406 | D:4      | Found a staircase to the Ecumenical Temple.
  3412 | Temple   | Entered the Ecumenical Temple
  3604 | Temple   | Became a worshipper of Ru the Awakened
  3609 | Temple   | Gained mutation: You cannot study or use magical devices.
                  | [Ru sacrifice]
  3609 | Temple   | Reached * piety under Ru
  3609 | Temple   | Reached ** piety under Ru
  3690 | D:5      | Entered Level 5 of the Dungeon
  3710 | D:5      | Reached skill level 1 in Armour
  3961 | D:5      | Found an iron altar of Okawaru.
  3964 | D:5      | Found an opulent altar of Gozag.
  3967 | D:5      | Found a stormy altar of Qazlal.
  4134 | D:5      | Reached XP level 7. HP: 59/67 MP: 6/6
  4170 | D:5      | Found a blossoming altar of Fedhas.
  4191 | D:5      | Noticed an oklob plant
  4285 | D:5      | Noticed Sigmund
  4296 | D:5      | Killed Sigmund
  4296 | D:5      | Reached skill level 7 in Unarmed Combat
  4579 | D:5      | Reached XP level 8. HP: 79/79 MP: 7/7
  4854 | D:6      | Noticed Blork the orc
  4896 | D:6      | Killed Blork the orc
  5032 | D:6      | Noticed Grinder
  5070 | D:6      | Killed Grinder
  5070 | D:6      | Reached skill level 5 in Fighting
  5070 | D:6      | Reached skill level 8 in Unarmed Combat
  5143 | D:6      | Found a bloodstained altar of Trog.
  5511 | D:7      | Noticed Pikel
  5523 | D:7      | Killed Pikel
  5523 | D:7      | Reached XP level 9. HP: 75/89 MP: 8/8
  5591 | D:7      | Gained mutation: You cannot study or cast Earth magic. [Ru
                  | sacrifice]
  5591 | D:7      | Gained mutation: You cannot study or cast Hexes magic. [Ru
                  | sacrifice]
  5591 | D:7      | Gained mutation: You cannot study or cast Translocations
                  | magic. [Ru sacrifice]
  5591 | D:7      | Reached *** piety under Ru
  5613 | D:7      | Noticed Menkaure
  5621 | D:7      | Killed Menkaure
  5621 | D:7      | Reached skill level 9 in Unarmed Combat
  5654 | D:7      | Found a snail-covered altar of Cheibriados.
  6011 | D:7      | Noticed Duvessa
  6011 | D:7      | Noticed Dowan
  6017 | D:7      | Killed Duvessa
  6026 | D:7      | Killed Dowan
  6643 | D:8      | Noticed a two-headed ogre
  6650 | D:8      | Killed a two-headed ogre
  6650 | D:8      | Reached skill level 5 in Dodging
  6859 | D:8      | Reached XP level 10. HP: 63/100 MP: 9/9
  6983 | D:8      | Gained mutation: You are hated by all. [Ru sacrifice]
  6983 | D:8      | Reached **** piety under Ru
  6994 | D:8      | Found a basalt altar of Yredelemnul.
  7674 | D:9      | Reached skill level 10 in Unarmed Combat
  8270 | D:10     | Entered Level 10 of the Dungeon
  8275 | D:10     | Noticed a two-headed ogre
  8282 | D:10     | Killed a two-headed ogre
  8282 | D:10     | Reached skill level 5 in Armour
  8354 | D:10     | Noticed a cyan ugly thing
  8365 | D:10     | Killed a cyan ugly thing
  8515 | D:10     | Noticed Josephine
  8541 | D:10     | Killed Josephine
  8541 | D:10     | Reached skill level 11 in Unarmed Combat
  8546 | D:10     | Reached XP level 11. HP: 80/111 MP: 10/10
  8654 | D:10     | Noticed a tengu warrior
  8662 | D:10     | Killed a tengu warrior
  8902 | D:10     | Noticed an unseen horror
  8907 | D:10     | Killed an unseen horror
  9053 | D:10     | Found Rutodim's Assorted Antiques.
  9071 | D:10     | Killed an unseen horror
  9361 | D:11     | Found Foemnimm's Assorted Antiques.
  9558 | D:11     | Noticed a six-headed hydra
 10039 | D:11     | Noticed a death yak
 10039 | D:11     | Noticed a death yak
 10049 | D:11     | Noticed a death yak
 10054 | D:11     | Killed a death yak
 10054 | D:11     | Paralysed by a hornet for 3 turns
 10065 | D:11     | Killed a death yak
 10068 | D:11     | Killed a death yak
 10180 | D:11     | Found a staircase to the Lair.
 10198 | D:11     | Found a shadowy altar of Dithmenos.
 10373 | D:11     | Found a staircase to the Orcish Mines.
 10416 | D:12     | Noticed Maurice
 10479 | D:12     | Killed Maurice
 10533 | D:12     | Noticed a white ugly thing
 10544 | D:12     | Killed a white ugly thing
 10544 | D:12     | Reached skill level 12 in Unarmed Combat
 10781 | D:12     | Noticed a six-headed hydra
 10788 | D:12     | Killed a six-headed hydra
 11196 | D:12     | Noticed an orange crystal statue
 11197 | D:12     | Noticed a two-headed ogre
 11290 | D:12     | Noticed an unseen horror
 11304 | D:12     | Killed an unseen horror
 11304 | D:12     | Reached XP level 12. HP: 103/126 MP: 11/11
 11595 | D:13     | Noticed Sonja
 11608 | D:13     | Killed Sonja
 11703 | D:13     | Found a frozen archway.
 11778 | IceCv    | Entered an ice cave
 11808 | IceCv    | Found a transporter.
 11898 | IceCv    | Reached skill level 10 in Fighting
 11899 | IceCv    | Found a transporter.
 12572 | D:13     | Found Ikoenir's Assorted Antiques.
 12581 | D:13     | Bought a potion of might for 100 gold pieces
 12702 | D:13     | Reached skill level 13 in Unarmed Combat
 12835 | D:13     | Found a gate to the Vaults.
 12835 | D:13     | Noticed a vault guard
 12835 | D:13     | Noticed a vault guard
 12835 | D:13     | Noticed a vault guard
 12895 | D:12     | Killed a vault guard
 13052 | Lair:1   | Entered Level 1 of the Lair of Beasts
 13190 | D:10     | Killed an 11-headed hydra
 13980 | Lair:1   | Reached XP level 13. HP: 120/136 MP: 12/12
 15327 | Lair:2   | Found a staircase to the Swamp.
 16353 | Orc:1    | Entered Level 1 of the Orcish Mines
 16384 | Orc:2    | Entered Level 2 of the Orcish Mines
 16384 | Orc:2    | Found a bloodstained altar of Trog.
 16388 | Orc:2    | Noticed an orc warlord
 16535 | D:14     | Reached skill level 14 in Unarmed Combat
 16574 | D:14     | Noticed Azrael
 16845 | D:14     | Reached skill level 1 in Throwing
 18404 | Lair:4   | Found a staircase to the Snake Pit.
 18581 | Lair:4   | Reached XP level 14. HP: 76/148 MP: 13/13
 19452 | Lair:5   | Gained mutation: You are missing a hand. [Ru sacrifice]
 19452 | Lair:5   | Reached ***** piety under Ru
 19452 | Lair:5   | Reached ****** piety under Ru
 20133 | Lair:6   | Entered Level 6 of the Lair of Beasts
 20633 | Lair:6   | Reached skill level 15 in Unarmed Combat
 20847 | Lair:6   | Slain by a spiny frog

Skill      XL: |  1  2  3  4  5  6  7  8  9 10 11 12 13 14 |
---------------+-------------------------------------------+-----
Unarmed Combat | 4 5 6 7 8 9 11 12 13 14 15 | 15.0
Fighting       | 3 4 5 6 8 9 10 11 12 | 12.3
Armour         | 1 2 3 4 5 6 7 8 |  8.7
Dodging        | 3 4 5 6 7 8 9 |  9.0
Throwing       | 2 4 |  4.0
Stealth        | |  1.0

Action                   |  1- 3 |  4- 6 |  7- 9 | 10-12 | 13-15 || total
-------------------------+-------+-------+-------+-------+-------++-------
Melee: Unarmed           |    85 |   170 |   307 |   618 |   622 ||  1802
       Punch             |     1 |     4 |    13 |    48 |    33 ||    99
Throw: Large rock        |       |       |       |       |     9 ||     9
Invok: Sacrifice Artific |       |     1 |       |       |       ||     1
       Sacrifice Arcana  |       |       |     1 |       |       ||     1
       Sacrifice Love    |       |       |       |     1 |       ||     1
       Reject Sacrifices |       |       |       |     2 |       ||     2
       Power Leap        |       |       |       |       |     5 ||     5
       Sacrifice a Hand  |       |       |       |       |     1 ||     1
  Use: Scroll            |       |       |     7 |    11 |     9 ||    27
       Potion            |       |       |       |     6 |     8 ||    14
 Stab: Sleeping          |     3 |     6 |     2 |     4 |     9 ||    24
       Distracted        |       |       |     1 |     5 |     4 ||    10
       Invisible         |       |       |       |     7 |     3 ||    10
       Paralysed         |       |       |       |     2 |     1 ||     3
  Eat: Chunk             |    17 |    25 |    26 |    58 |    63 ||   189
       Ration            |       |       |       |     2 |       ||     2
Armor: Robe              |    40 |    72 |   103 |   182 |       ||   397
       Skin              |       |       |       |    28 |    46 ||    74
       Shadow dragon sca |       |       |       |    34 |   388 ||   422
Dodge: Dodged            |    32 |    87 |   163 |   356 |   304 ||   942
